cohdb
Replays
Latest Replays
All Replays
Popular Replays
Top Player Replays
Match Explorer
How It Works
Community
CoH3 Stats
Reddit
Sign in to upload your games and track your stats! →
Sign in with Steam
Match 41355032
Unlisted
Match 41355032
Overview
Messages
Build Orders
End
Kradschützen Motorcycle Team
Selects Panzerjäger Kommand Battlegroup
250 Light Carrier
Panzergrenadier Squad
Panzergrenadier Squad
Construct Light Support Kompanie
Fire Support Elements
Pak 38 Anti-tank Gun Team
Selects GrB 39 Grenade Launcher Requisition
le.IG 18 Mechanized Group
Combat Half-tracks
Vehicle Survival Package
Construct Panzerarmee Kommand
Selects Crew Shock Tactics
Selects Blockade Equipment
Emergency Repair Kits
Rapid Advance
Nah
STRATEGO
桂妮薇尔
AI-Noob
0
0
Comments
sign in to comment!
No comments posted yet!